 Dungeon Crawl Stone Soup version 0.27.1-4-g1640c2035a (webtiles) character file.

Game seed: 4704299019497643059

56 zeram the Poker (level 3, 0/29 HPs)
             Began as a Merfolk Fighter on Nov 11, 2021.
             Slain by a gnoll (5 damage)
             ... on level 1 of the Dungeon.
             The game lasted 00:01:14 (676 turns).

zeram the Poker (Merfolk Fighter)                    Turns: 676, Time: 00:01:15

Health: 0/29       AC:  6    Str: 16    XL:     3   Next: 95%
Magic:  3/3        EV:  6    Int:  8    God:
Gold:   73         SH:  9    Dex: 13    Spells: 2/2 levels left

rFire    . . .     SeeInvis .   a - +0 trident
rCold    . . .     Faith    .   c - +0 kite shield
rNeg     . . .     Spirit   .   b - +0 scale mail
rPois    .         Reflect  .   (no helmet)
rElec    .         Harm     .   (no cloak)
rCorr    .         Rampage  .   (no gloves)
Will     .....                  (no boots)
Stlth    ..........             (no amulet)
HPRegen  0.09/turn              (no ring)
MPRegen  0.08/turn              (no ring)

@: mighty
A: (nimble swimmer 2), mertail
a: no special abilities


You were on level 1 of the Dungeon.
You visited 1 branch of the dungeon, and saw 2 of its levels.

You collected 73 gold pieces.

Inventory:

Hand Weapons
 a - a +0 trident (weapon)
Armour
 b - a +0 scale mail (worn)
 c - a +0 kite shield (worn)
Scrolls
 f - a scroll of enchant armour {unknown}
 g - a scroll of magic mapping {unknown}
Potions
 e - a potion of curing {unknown}


   Skills:
 - Level 3.2 Fighting
 + Level 6.0 Polearms
 - Level 2.1 Armour
 - Level 3.0 Shields


You had 2 spell levels left.
You didn't know any spells.
Your spell library was empty.

Dungeon Overview and Level Annotations

Branches:
Dungeon (2/15)

Altars:

Annotations:
D:2 Natasha


Innate Abilities, Weirdness & Mutations

((You are quick and stealthy near water. (Stealth+, EV+, Speed+++)))
Your lower body shifts to a powerful aquatic tail in water.


Message History

Natasha hisses angrily.
The gnoll shouts!
You hit the gnoll.
The gnoll is heavily wounded.
The gnoll barely misses you. x2
You hit the gnoll.
The gnoll is almost dead.
You block the gnoll's attack.
You hit the gnoll.
You kill the gnoll!
Your Polearms skill increases to level 6!
You reach to attack!
You puncture Natasha!
Natasha is severely wounded.
Natasha claws you.
You closely miss Natasha.
Natasha is heavily wounded.
Natasha claws you.
* * * LOW HITPOINT WARNING * * *
Unknown command.
Natasha howls an incantation.
Natasha glows brightly for a moment.
Things that are here:
a +0 short sword; 2 stones; a kobold corpse Natasha barely misses you.
Natasha stares at you and mumbles some strange words.
The magic dart hits you.
* * * LOW HITPOINT WARNING * * *
There is a stone staircase leading up here.
The gnoll hits you with a +0 club.
* * * LOW HITPOINT WARNING * * *
You climb upwards.
There is a stone staircase leading down here.
You feel very mighty all of a sudden. The gnoll barely misses you.
You hit the gnoll.
The gnoll is lightly wounded.
You block the gnoll's attack.
You barely miss the gnoll.
The gnoll is lightly wounded.
The gnoll hits you with a +0 club.
You die...

##### #..........# #...#
#..........# #...###..........#
#......##..).....#
#########....###.........#
######...........###..........#
##......#######...##.....#.....#
#....##########g.##.....##.....#
#...........#..@##.....#########
##.#...........###.....##.#
........#########.....##..#
....#.#...........>..##...#
.##.#.#.........<...##....#
..................8..##...#
##.##...#########.....##..###
.#......##......##.....##...#
....#............##.....###.#


You could see a gnoll.

Vanquished Creatures
  A gnoll (D:2)
  An adder (D:2)
  A dart slug (D:1)
  2 endoplasms
  A giant cockroach (D:1)
  3 hobgoblins (D:1)
  7 kobolds
  A quokka (D:1)
  2 ball pythons (D:1)
  4 bats (D:1)
  3 frilled lizards (D:1)
  6 goblins
  3 rats (D:1)
35 creatures vanquished.

Notes
Turn   | Place    | Note
-------+----------+-------------------------------------------
     0 | D:1      | zeram the Merfolk Fighter began the quest for the Orb.
     0 | D:1      | Reached XP level 1. HP: 18/18 MP: 1/1
    84 | D:1      | Reached skill level 4 in Polearms
    84 | D:1      | Reached XP level 2. HP: 21/24 MP: 2/2
   398 | D:1      | Reached skill level 5 in Polearms
   398 | D:1      | Reached XP level 3. HP: 24/29 MP: 3/3
   659 | D:2      | Noticed Natasha
   663 | D:2      | Reached skill level 6 in Polearms
   676 | D:1      | Slain by a gnoll

Illustrated notes

Levels and vault maps discovered:
D:1:      psy_arrival_spokes, layout_rooms
D:2:      layout_rooms, basic_altar, shapermc_ecumenical_altar_venn,
          uniq_jessica, uniq_terence, uniq_natasha

Skill      XL: |  1  2  3 |
---------------+----------+-----
Polearms       | 4 5 6 |  6.0
Fighting       | |  3.2
Armour         | |  2.1
Shields        | |  3.0

Action                   || total
-------------------------++-------
Melee: Trident           ||    95
  Use: Potion            ||     1
Armor: Scale mail        ||    30
Dodge: Dodged            ||    18
Block: Kite shield       ||    43
